 Dungeon Crawl Stone Soup version 0.30-a0-459-g9104f0fc43 (webtiles) character file.

Game seed: 7615307428608641504

56 jlumianski the Trooper (level 3, -3/29 HPs)
             Began as a Demonspawn Fighter on Dec 15, 2022.
             Slain by a gnoll
             ... wielding a +0 halberd
              (10 damage)
             ... on level 4 of the Dungeon.
             The game lasted 00:04:37 (1303 turns).

jlumianski the Trooper (Demonspawn Fighter)         Turns: 1303, Time: 00:04:38

Health: -3/29      AC:  6    Str: 18    XL:     3   Next: 69%
Magic:  3/3        EV:  9    Int:  9    God:
Gold:   82         SH:  4    Dex: 12    Spells: 2/2 levels left

rFire   . . .      SeeInvis .    a - +0 war axe
rCold   . . .      Faith    .    c - +0 buckler
rNeg    . . .      Spirit   .    b - +0 scale mail
rPois   .          Reflect  .    (no helmet)
rElec   .          Harm     .    (no cloak)
rCorr   .          Rampage  .    (no gloves)
Will    .....                    (no boots)
Stlth   ..........               (no amulet)
HPRegen 0.24/turn                (no ring)
MPRegen 0.08/turn                (no ring)

@: no status effects
A: claws 1
a: no special abilities


You were on level 4 of the Dungeon.
You visited 1 branch of the dungeon, and saw 4 of its levels.

You collected 82 gold pieces.

Inventory:

Hand Weapons
 a - a +0 war axe (weapon)
 m - the +6 dagger "Pibboun" {vorpal, *Slow rF+ rN+ Int+3}
   (You found it on level 3 of the Dungeon)

   It inflicts extra damage upon your enemies.
   Int:       It affects your intelligence (+3).
   rF:        It protects you from fire.
   rN:        It protects you from negative energy.
   *Slow:     It may slow you when you take damage.
Missiles
 e - 6 javelins (quivered)
Armour
 b - a +0 scale mail (worn)
 c - a +0 buckler (worn)
 j - a +0 pair of gloves
Jewellery
 n - a ring of fire
Scrolls
 f - 4 scrolls of identify {unknown}
 h - 4 scrolls of fog {unknown}
 i - 4 scrolls of vulnerability {unknown}
 l - a scroll of silence {unknown}
Potions
 d - a potion of might
 g - a potion of magic {unknown}
 k - a potion of berserk rage {unknown}
 o - a potion of degeneration {unknown}
 p - a potion of mutation {unknown}


   Skills:
 + Level 3.5 Fighting
 + Level 2.2 Axes
 + Level 3.2 Armour
 + Level 0.5 Dodging
 + Level 0.2 Stealth
 + Level 3.0 Shields


You had 2 spell levels left.
You didn't know any spells.
Your spell library was empty.

Dungeon Overview and Level Annotations

Branches:
Dungeon (4/15)
 Temple: D:4-7

Altars:


Innate Abilities, Weirdness & Mutations

You have sharp fingernails.


Message History

The hobgoblin hits you but does no damage.
The giant cockroach bites you. You block the hobgoblin's attack.
The giant cockroach misses you.
You closely miss the hobgoblin. You barely miss the giant cockroach.
You block the giant cockroach's attack. The hobgoblin hits you.
You slash the hobgoblin!
You kill the hobgoblin!
You closely miss the giant cockroach. The giant cockroach bites you.
The giant cockroach barely misses you.
A sourceless malevolence fills the Dungeon...
You fall into a shaft and drop 2 floors!
The shaft crumbles and collapses.
You hear the sound of rushing water.
There is an entrance to a sewer on this level.
Hurry and find it before the portal rusts away!
Found a metallic white potion.
Found an escape hatch in the floor.
Found a stone staircase leading up.
p - a metallic white potion
Found 6 gold pieces.
Found a scroll labelled AHECUI LUBLI.
Found 16 gold pieces.
There is a stone staircase leading up here.
h - 4 scrolls labelled AHECUI LUBLI (gained 1)
You now have 76 gold pieces (gained 16).
You now have 82 gold pieces (gained 6).
There is a stone staircase leading up here.
You climb upwards.
A quokka comes into view.
There is a stone staircase leading down here.
The gnoll hits you with a +0 halberd!
There is a stone staircase leading down, spattered with blood here.
The gnoll hits you with a +0 halberd.
You climb downwards.
You hear the sound of rushing water.
There is an entrance to a sewer on this level.
Hurry and find it before the portal rusts away!
You hear the slow rusting of a drain very nearby.
There is a stone staircase leading up here.
You barely miss the gnoll. The gnoll hits you with a +0 halberd!
* * * LOW HITPOINT WARNING * * *
You barely miss the gnoll. The gnoll hits you with a +0 halberd!
You die...

>...# #..## ####
##....... #..###..#
#........
##.......####........
####.........##........#
#............#........#
#.....................#
#..........g.........#
#.........@.........#
##.................##
#................##
##..............##
##............##
#............#
##...........#
##..........#
##........##


You could see a gnoll.

Vanquished Creatures
  An adder (D:2)
  3 dart slugs
  An orc (D:2)
  7 bats
  3 endoplasms
  4 giant cockroaches
  2 goblins (D:1)
  5 hobgoblins
  2 quokkas (D:1)
  3 ball pythons
  3 frilled lizards (D:2)
  2 kobolds
  2 rats
38 creatures vanquished.

Notes
Turn   | Place    | Note
-------+----------+-------------------------------------------
     0 | D:1      | jlumianski the Demonspawn Fighter began the quest for the
                  | Orb.
     0 | D:1      | Reached XP level 1. HP: 18/18 MP: 1/1
   219 | D:1      | Gained mutation: You have sharp fingernails. [demonic
                  | ancestry]
   219 | D:1      | Reached XP level 2. HP: 19/24 MP: 2/2
   947 | D:2      | Reached XP level 3. HP: 18/29 MP: 3/3
  1064 | D:3      | Identified the +6 dagger "Pibboun" {vorpal, *Slow rF+ rN+
                  | Int+3}
  1249 | D:2      | You fall into a shaft and drop 2 floors!
  1303 | D:4      | Slain by a gnoll

Illustrated notes

Levels and vault maps discovered:
D:1:      enne_arrival_octagon_isle, layout_basic
D:2:      layout_basic, basic_altar, hangedman_decor_opposing
D:3:      layout_basic
D:4:      layout_cave_pods, mainiacjoe_overflow_catwalk,
          cheibrodos_sewer_entry_drain, nicolae_take_the_stairs,
          grunt_ministairs_8

Skill      XL: |  1  2 |
---------------+-------+-----
Armour         | 3 |  3.2
Axes           | 2 |  2.2
Shields        | 3 |  3.0
Fighting       | |  3.5
Dodging        | |  0.5
Stealth        | |  0.2

Action                   || total
-------------------------++-------
Melee: War axe           ||   113
Armor: Scale mail        ||    77
Dodge: Dodged            ||    60
Block: Buckler           ||    27

Table legend: (Time is in decaauts)
 A = Elapsed time spent in this place.
 B = Non-inter-level travel time spent in this place.
 C = Inter-level travel time spent in this place.
 D = Time resting spent in this place.
 E = Time spent auto-exploring this place.
 F = Levels seen in this place.
 G = Mean time per level.
                   A        B        C        D        E       F      G
               +--------+--------+--------+--------+--------+-----+--------+
         Total |   1354 |   1337 |     17 |      5 |    744 |   4 |  338.5 |
       Dungeon |   1354 |   1337 |     17 |      5 |    744 |   4 |  338.5 |
               +--------+--------+--------+--------+--------+-----+--------+

Top non-repeatable levels by time:
     D:1: 849 daAuts
     D:2: 351 daAuts
     D:3: 102 daAuts
     D:4: 50 daAuts
